 Dungeon Crawl Stone Soup version 0.29-a0-284-gf9362112df (webtiles) character file.

Game seed: 9196456202290042840

3162 YayAnonymity the Severer (level 9, 0/74 HPs)
             Began as a Hill Orc Fighter on Mar 16, 2022.
             Was a Follower of Qazlal.
             Slain by a vampire (10 damage)
             ... on level 7 of the Dungeon on Mar 17, 2022.
             The game lasted 00:13:54 (8261 turns).

YayAnonymity the Severer (Hill Orc Fighter)         Turns: 8261, Time: 00:13:55

Health: 0/74       AC: 13    Str: 27    XL:     9   Next: 94%
Magic:  12/12      EV:  9    Int: 14    God:    Qazlal [*.....]
Gold:   456        SH:  0    Dex: 10    Spells: 8/8 levels left

rFire   . . .      SeeInvis .   a - +0 war axe
rCold   . . .      Faith    .   H - +2 kite shield {rN+}
rNeg    + . .      Spirit   .   F - +5 ring mail of Sodefucy {Str+4}
rPois   .          Reflect  .   f - +0 helmet
rElec   .          Harm     .   u - +0 cloak
rCorr   .          Rampage  .   (no gloves)
Will    .....                   (no boots)
Stlth   ..........              (no amulet)
HPRegen 0.22/turn               e - ring of flight
MPRegen 0.13/turn               g - +6 ring of intelligence

@: confused, flying
A: no striking features
a: Renounce Religion


You were on level 7 of the Dungeon.
You worshipped Qazlal.
Qazlal was aware of your devotion.
You visited 2 branches of the dungeon, and saw 8 of its levels.

You collected 456 gold pieces.

Inventory:

Hand Weapons
 a - a +0 war axe (weapon)
Missiles
 i - 6 boomerangs
 l - 13 poisoned darts (quivered)
 q - 2 throwing nets
Armour
 f - a +0 helmet (worn)
 u - a +0 cloak (worn)
 F - the +5 ring mail of Sodefucy (worn) {Str+4}
   (You found it on level 6 of the Dungeon)

   Str:       It affects your strength (+4).
 H - a +2 kite shield of positive energy (worn)
Jewellery
 e - a ring of flight (left hand)
 g - a +6 ring of intelligence (right hand)
Wands
 p - a wand of paralysis (13)
 r - a wand of flame (26)
 s - a wand of iceblast (11)
 y - a wand of acid (18)
Scrolls
 b - 2 scrolls of acquirement
 h - a scroll of vulnerability
 m - a scroll of teleportation {unknown}
 n - a scroll of fog {unknown}
 t - a scroll of identify {unknown}
 w - 2 scrolls of immolation
 x - a scroll of amnesia {unknown}
 C - a scroll of silence {unknown}
 D - a scroll of magic mapping
 E - a scroll of enchant armour {unknown}
 G - a scroll of blinking {unknown}
Potions
 d - a potion of ambrosia {unknown}
 j - 2 potions of cancellation {unknown}
 k - 3 potions of haste {unknown}
 o - a potion of lignification {unknown}
 v - a potion of resistance {unknown}
 z - 2 potions of attraction {unknown}
 A - a potion of berserk rage {unknown}
 B - a potion of mutation {unknown}


   Skills:
 + Level 5.5 Fighting
 * Level 15.2 Axes
 + Level 6.1 Armour
 + Level 3.3 Shields
 + Level 4.0 Invocations


You had 8 spell levels left.
You didn't know any spells.
Your spell library contained the following spells:

 Spells                   Type           Power      Damage    Failure   Level
 Magic Dart               Conj           0%         1d3       77%         1
 Summon Small Mammal      Summ           0%         N/A       77%         1
 Blink                    Tloc           0%         N/A       88%         2
 Call Imp                 Summ           0%         N/A       88%         2
 Call Canine Familiar     Summ           0%         N/A       98%         3
 Gell's Gravitas          Tloc           0%         N/A       98%         3
 Lesser Beckoning         Tloc           0%         N/A       98%         3
 Mephitic Cloud           Conj/Pois/Air  0%         N/A       98%         3
 Summon Guardian Golem    Hex/Summ       0%         N/A       98%         3
 Teleport Other           Tloc           0%         N/A       98%         3
 Animate Armour           Summ/Erth      0%         N/A       100%        4
 Blade Hands              Tmut           0%         N/A       100%        5
 Manifold Assault         Tloc           0%         N/A       100%        5
 Iron Shot                Conj/Erth      0%         9d1       100%        6


Dungeon Overview and Level Annotations

Branches:
Dungeon (7/15)             Temple (1/1) D:4

Altars:
Ashenzari
Cheibriados
Dithmenos
Elyvilon
Fedhas
Gozag
Hepliaklqana
Kikubaaqudgha
Makhleb
Nemelex Xobeh
Okawaru
Qazlal
Ru
Sif Muna
Trog
Uskayaw
Vehumet
Wu Jian
Xom
Yredelemnul
Zin
The Shining One

Shops:
D:7 =*(


Message History

You barely miss the vampire.
The vampire is heavily damaged.
You block the vampire's attack.
The vampire bites you but does no damage.
You barely miss the vampire.
The vampire is heavily damaged.
You closely miss the vampire.
The vampire is heavily damaged.
The vampire draws life force from you!
The vampire is healed by the life force!
You hit the vampire.
The vampire is heavily damaged.
The vampire points at you and mumbles some strange words.
You are confused.
You closely miss the vampire.
The vampire is heavily damaged.
The vampire mumbles some strange words.
The vampire flickers and vanishes!
Deactivating autopickup; reactivate with Ctrl-A.
You closely miss something. Something hits you but does no damage.
Something bites you but does no damage.
You completely miss something. Something draws life force from you!
You bump into the rock wall.
You hear a splashing noise.
Something bites you!
Something draws strength from your injuries!
You bump into the rock wall.
You hear some strange, mumbled words.
You are more confused.
You hit something. Something hits you but does no damage.
Something bites you but does no damage.
You bump into the rock wall.
Something hits you!
* * * LOW HITPOINT WARNING * * *
Something bites you.
* * * LOW HITPOINT WARNING * * *
Something draws strength from your injuries!
You bump into the rock wall.
Something hits you!
* * * LOW HITPOINT WARNING * * *
Something bites you!
You die...

#≈##≈SS##≈).(.#
...
#≈#≈≈=≈≈#[.P.?#
....
#≈#!!≈.≈#≈...P#
#≈#.PP≈.#.....#
#.#≈P.PP#
#.#.....# # #.#
#####..# #.##
+##{≈≈..#
##.####.≈@#####
##≈≈≈..###
#######


There were no monsters in sight!

Vanquished Creatures
  Prince Ribbit (D:5)
  Sigmund (D:2)
  A wraith (D:6)
  A shadow (D:5)
  Menkaure (D:4)
  A water moccasin (D:7)
  An ice beast (D:6)
  2 sky beasts (D:7)
  2 black bears (D:6)
  An ogre (D:6)
  A kobold brigand (D:7)
  A phantom (D:7)
  2 necrophages (D:5)
  A bullfrog (D:7)
  2 scorpions
  A wight (D:6)
  6 killer bees
  The ghost of sammy202020 the Skirmisher, a weakling DsBe of Trog (D:3)
  5 hounds
  2 orc priests
  2 gnoll shamans
  3 iguanas
  Natasha (thrice) (D:4)
  7 orc wizards
  Robin (D:3)
  16 gnolls
  8 adders
  2 ufetubi
  2 worms (D:2)
  4 dart slugs
  13 orcs
  6 ball pythons
  4 endoplasms
  4 giant cockroaches
  24 goblins
  6 hobgoblins
  2 jackals (D:1)
  8 kobolds
  7 quokkas
  7 bats
  6 frilled lizards
  3 rats
172 creatures vanquished.

Notes
Turn   | Place    | Note
-------+----------+-------------------------------------------
     0 | D:1      | YayAnonymity the Hill Orc Fighter began the quest for the
                  | Orb.
     0 | D:1      | Reached XP level 1. HP: 19/19 MP: 1/1
   197 | D:1      | Reached skill level 3 in Axes
   287 | D:1      | Reached XP level 2. HP: 27/27 MP: 2/2
   911 | D:2      | Reached XP level 3. HP: 33/33 MP: 3/3
  1185 | D:2      | Reached skill level 4 in Axes
  1523 | D:2      | Noticed Sigmund
  1529 | D:2      | Killed Sigmund
  1530 | D:2      | Reached skill level 6 in Axes
  1530 | D:2      | Reached XP level 4. HP: 26/40 MP: 4/4
  1530 | D:2      | Reached XP level 5. HP: 30/46 MP: 5/5
  1635 | D:2      | Found a faded altar of an unknown god.
  1882 | D:3      | Noticed Robin
  1905 | D:3      | Reached XP level 6. HP: 44/52 MP: 6/6
  1907 | D:3      | Killed Robin
  2306 | D:3      | Reached skill level 5 in Armour
  2318 | D:3      | Found a burning altar of Makhleb.
  2324 | D:3      | Found a radiant altar of Vehumet.
  2326 | D:3      | Found an ancient bone altar of Kikubaaqudgha.
  2328 | D:3      | Found a white marble altar of Elyvilon.
  2334 | D:3      | Found a sparkling altar of Nemelex Xobeh.
  2443 | D:3      | Found a runed translucent door.
  2446 | D:3      | Noticed sammy202020's ghost (weakling DsBe)
  2524 | D:3      | Killed sammy202020's ghost
  2525 | D:3      | Reached skill level 7 in Axes
  2638 | D:4      | Noticed Menkaure
  2640 | D:4      | Killed Menkaure
  2641 | D:4      | Reached skill level 8 in Axes
  2641 | D:4      | Reached XP level 7. HP: 59/59 MP: 7/7
  2739 | D:4      | Found a staircase to the Ecumenical Temple.
  2745 | D:4      | Noticed Natasha
  2749 | D:4      | Killed Natasha
  2753 | Temple   | Entered the Ecumenical Temple
  2901 | D:4      | Reached skill level 9 in Axes
  3290 | D:4      | Noticed Natasha
  3323 | D:4      | Killed Natasha
  3333 | D:4      | Noticed Natasha
  3535 | D:4      | Killed Natasha
  3742 | D:4      | Reached skill level 10 in Axes
  4213 | D:5      | Entered Level 5 of the Dungeon
  4428 | D:5      | Noticed Prince Ribbit
  4449 | D:5      | Killed Prince Ribbit
  4450 | D:5      | Reached skill level 11 in Axes
  4450 | D:5      | Reached XP level 8. HP: 22/66 MP: 8/8
  4953 | D:5      | Reached skill level 12 in Axes
  5714 | D:6      | Noticed a wraith
  5748 | D:6      | Killed a wraith
  5749 | D:6      | Reached skill level 13 in Axes
  5758 | D:6      | Noticed a shadow
  5964 | D:5      | HP: 1/66 [something (24)]
  5965 | D:5      | Killed a shadow
  5966 | D:5      | Reached XP level 9. HP: 1/71 MP: 9/9
  6419 | D:6      | Reached skill level 14 in Axes
  6482 | D:6      | Found a stormy altar of Qazlal.
  6493 | D:6      | Became a worshipper of Qazlal Stormbringer
  6584 | D:6      | Reached skill level 1 in Invocations
  6878 | D:6      | Identified the +5 ring mail of Sodefucy {Str+4}
  6954 | D:7      | Found Souduek's Antique Weapon Shop.
  7560 | D:7      | Found Vishoet's General Store.
  7611 | D:7      | Reached skill level 5 in Fighting
  7833 | D:7      | Reached * piety under Qazlal
  7987 | D:7      | Found Fotohir's Jewellery Boutique.
  8003 | D:7      | Reached skill level 15 in Axes
  8061 | D:7      | Identified 3 scrolls of acquirement
  8061 | D:7      | Acquired a +2 kite shield of positive energy
  8261 | D:7      | Slain by a vampire

Illustrated notes

Levels and vault maps discovered:
D:1:      dpeg_arrival_shrine, layout_basic
D:2:      layout_basic, dilly_ecumenical_altar_fadedgnrine,
          hangedman_decor_opposing, uniq_sigmund
D:3:      layout_rooms, nicolae_overflow_hallway_of_the_gods,
          gammafunk_ghost_grave, uniq_robin
D:4:      layout_gridville, minmay_temple_entry_junction, uniq_natasha,
          uniq_menkaure
D:5:      layout_basic, uniq_prince_ribbit1
D:6:      layout_rooms, mainiacjoe_overflow_tiny_flanked,
          hangedman_minor_gate_pass
D:7:      cheibrodos_two_vegetables, layout_basic, serial_shops,
          nicolae_take_the_stairs, shop_fountains, nicolae_lakefront_shop,
          nicolae_stop_n_shop_2, nicolae_shop_window_shopping
Temple:   lightli_temple_of_artemis

Skill      XL: |  1  2  3  4  5  6  7  8  9 |
---------------+----------------------------+-----
Axes           | 3 6 8 11 13 15 | 15.2
Fighting       | 4 5 |  5.5
Armour         | 4 5 6 |  6.1
Invocations    | 4 |  4.0
Shields        | |  3.3

Action                   |  1- 3 |  4- 6 |  7- 9 || total
-------------------------+-------+-------+-------++-------
Melee: War axe           |   116 |    82 |   371 ||   569
Throw: Dart              |       |       |     2 ||     2
       Boomerang         |       |       |     1 ||     1
  Use: Potion            |     1 |       |       ||     1
       Scroll            |       |     1 |     3 ||     4
Armor: Scale mail        |    52 |    48 |   110 ||   210
       Ring mail         |       |       |    68 ||    68
Dodge: Dodged            |    47 |    44 |   167 ||   258
Block: Buckler           |    23 |    17 |    78 ||   118
       Kite shield       |       |       |     7 ||     7

Table legend: (Time is in decaauts)
 A = Elapsed time spent in this place.
 B = Non-inter-level travel time spent in this place.
 C = Inter-level travel time spent in this place.
 D = Time resting spent in this place.
 E = Time spent auto-exploring this place.
 F = Levels seen in this place.
 G = Mean time per level.
                   A        B        C        D        E       F      G
               +--------+--------+--------+--------+--------+-----+--------+
         Total |   8316 |   8001 |    315 |    905 |   5618 |   8 | 1039.5 |
       Dungeon |   8202 |   7894 |    308 |    905 |   5546 |   7 | 1171.7 |
        Temple |    114 |    107 |      7 |      0 |     72 |   1 |  114.0 |
               +--------+--------+--------+--------+--------+-----+--------+

Top non-repeatable levels by time:
     D:6: 1735 daAuts
     D:5: 1403 daAuts
     D:4: 1332 daAuts
     D:2: 991 daAuts
     D:3: 965 daAuts
     D:1: 894 daAuts
     D:7: 879 daAuts
  Temple: 114 daAuts
